 Dungeon Crawl Stone Soup version 0.29.0 (webtiles) character file.

Game seed: 17561333153480944583

537 gelatine the Poker (level 7, -5/54 HPs)
             Began as a Merfolk Fighter on Aug 24, 2022.
             Was an Initiate of Okawaru.
             Slain by an orc warrior
             ... wielding a +0 battleaxe
              (16 damage)
             ... on level 5 of the Dungeon.
             The game lasted 00:12:27 (4499 turns).

gelatine the Poker (Merfolk Fighter)                Turns: 4499, Time: 00:12:29

Health: -5/54      AC: 14    Str: 24    XL:     7   Next: 25%
Magic:  7/7        EV:  8    Int:  8    God:    Okawaru [......]
Gold:   284        SH: 13    Dex: 13    Spells: 6/6 levels left

rFire   . . .      SeeInvis .   h - +3 trident (protect)
rCold   . . .      Faith    .   j - +0 tower shield
rNeg    . . .      Spirit   .   t - +1 leather armour {rPois}
rPois   +          Reflect  .   (no helmet)
rElec   .          Harm     .   n - +1 cloak
rCorr   .          Rampage  .   q - +0 pair of gloves
Will    .....                   (no boots)
Stlth   +.........              (no amulet)
HPRegen 0.18/turn               r - +6 ring of strength
MPRegen 0.10/turn               (no ring)

@: mighty, lethally poisoned (-5 -> -20), under a protective aura, hasted,
studying Staves, very quick
A: (nimble swimmer 2), mertail
a: Renounce Religion


You were on level 5 of the Dungeon.
You worshipped Okawaru.
Okawaru was noncommittal.
You visited 2 branches of the dungeon, and saw 6 of its levels.

You collected 284 gold pieces.

Inventory:

Hand Weapons
 a - a +4 war axe
 h - a +3 trident of protection (weapon)
 p - a +1 sling of flaming
Missiles
 o - 5 boomerangs (quivered)
 u - 4 silver javelins
Armour
 b - a +0 scale mail
 c - a +0 buckler
 g - a +0 chain mail
 j - a +0 tower shield (worn)
 n - a +1 cloak (worn)
 q - a +0 pair of gloves (worn)
 s - a +0 leather armour
 t - a +1 leather armour of poison resistance (worn)
 v - a +0 scale mail
Magical Staves
 f - a staff of fire
 i - a staff of conjuration
Jewellery
 r - a +6 ring of strength (left hand)
Wands
 x - a wand of polymorph (8)
Scrolls
 e - 2 scrolls of amnesia
 y - a scroll of brand weapon
Potions
 l - 3 potions of lignification
 m - a potion of haste


   Skills:
 + Level 4.1 Fighting
 + Level 6.7 Polearms
 + Level 1.0 Throwing
 + Level 3.2 Armour
 + Level 2.9 Dodging
 + Level 1.1 Stealth
 + Level 4.1 Shields


You had 6 spell levels left.
You didn't know any spells.
Your spell library contained the following spells:

 Spells                   Type           Power      Damage    Failure   Level
 Magic Dart               Conj           0%         1d3       99%         1
 Searing Ray              Conj           0%         2d4       100%        2
 Gell's Gravitas          Tloc           0%         N/A       100%        3
 Ozocubu's Armour         Ice            0%         N/A       100%        3
 Teleport Other           Tloc           0%         N/A       100%        3
 Fulminant Prism          Conj/Hex       0%         3d6       100%        4
 Metabolic Englaciation   Hex/Ice        0%         N/A       100%        5
 Conjure Ball Lightning   Conj/Air       0%         3x3d6     100%        6
 Dispersal                Tloc           0%         N/A       100%        6
 Discord                  Hex            0%         N/A       100%        8
 Disjunction              Tloc           0%         N/A       100%        8
 Simulacrum               Ice/Necr       Unusable   N/A       N/A         6

Dungeon Overview and Level Annotations

Branches:
Dungeon (5/15)             Temple (1/1) D:4

Altars:
Ashenzari
Cheibriados
Dithmenos
Elyvilon
Fedhas
Gozag
Hepliaklqana
Kikubaaqudgha
Makhleb
Nemelex Xobeh
Okawaru
Qazlal
Ru
Sif Muna
Trog
Uskayaw
Vehumet
Wu Jian
Xom
Yredelemnul
The Shining One

Shops:
D:1 :


Innate Abilities, Weirdness & Mutations

((You are very nimble when in or above water. (Stealth+, EV+, Speed+++)))
Your lower body shifts to a powerful aquatic tail in water.


Message History

The orc suddenly grunts.
The gnoll throws a throwing net.
The throwing net closely misses you. You block the gnoll's attack.
You puncture the orc!
You kill the orc!
Okawaru accepts your kill. You block the howler monkey's attack.
You block the gnoll's attack. x2; The gnoll hits you but does no damage.
The howler monkey closely misses you.
Items here: ))) [ †.
You puncture the gnoll!
You kill the gnoll!
Okawaru accepts your kill. You block the howler monkey's attack.
The gnoll barely misses you. The gnoll hits you but does no damage.
Your Stealth skill increases to level 1!
You barely miss the gnoll. The howler monkey barely misses you.
The gnoll hits you with a +0 club.
The gnoll hits you from afar with a +1 spear of venom.
You are poisoned.
You puncture the howler monkey!
The howler monkey is severely wounded.
You feel sick.
The howler monkey completely misses you.
The gnoll hits you from afar with a +1 spear of venom.
You are lethally poisoned!
The orc warrior barely misses you. You block the gnoll's attack.
You puncture the howler monkey!
You kill the howler monkey!
Okawaru accepts your kill.
* * * LOW HITPOINT WARNING * * *
You feel very sick.
Unknown command.
You puncture the gnoll!
You kill the gnoll!
Okawaru accepts your kill.
* * * LOW HITPOINT WARNING * * *
You feel very sick.
The orc warrior hits you with a +0 battleaxe!
You die...

####. #..
......##.##
..........
.........#
.........#
.........# ...#.go)#
#..#oo)@# .
#oo#oo.(# .#.
###oo#.####
..####....#)#
#+#.##......oo#
....##......o.##
....##...........
....###'###+#......
.....)......#.......


You could see an orc warrior, a gnoll and 4 orcs.

Vanquished Creatures
  An ogre (D:5)
  A scorpion (D:5)
  A howler monkey (D:5)
  3 hounds
  A jelly (D:4)
  An orc wizard (D:5)
  Robin (D:2)
  3 gnolls (D:5)
  8 adders
  3 worms
  3 dart slugs
  11 orcs
  6 ball pythons
  12 endoplasms
  2 giant cockroaches
  10 goblins
  7 hobgoblins
  3 jackals (D:4)
  5 kobolds
  4 quokkas
  3 bats
  2 frilled lizards (D:2)
  A rat (D:3)
92 creatures vanquished.

Notes
Turn   | Place    | Note
-------+----------+-------------------------------------------
     0 | D:1      | gelatine the Merfolk Fighter began the quest for the Orb.
     0 | D:1      | Reached XP level 1. HP: 18/18 MP: 1/1
   277 | D:1      | Found Vutwoxiu's Book Shoppe.
   336 | D:1      | Reached XP level 2. HP: 24/24 MP: 2/2
   653 | D:2      | Reached skill level 3 in Polearms
   699 | D:2      | Reached XP level 3. HP: 10/30 MP: 3/3
  1250 | D:2      | Noticed Robin
  1276 | D:2      | Killed Robin
  1277 | D:2      | Reached XP level 4. HP: 19/37 MP: 4/4
  1921 | D:2      | Reached skill level 4 in Polearms
  2672 | D:3      | Reached XP level 5. HP: 42/42 MP: 5/5
  2730 | D:3      | Reached skill level 1 in Dodging
  3376 | D:4      | Reached skill level 5 in Polearms
  3562 | D:4      | Reached XP level 6. HP: 44/48 MP: 6/6
  3807 | D:4      | Found a staircase to the Ecumenical Temple.
  3813 | Temple   | Entered the Ecumenical Temple
  4022 | Temple   | Became a worshipper of Warmaster Okawaru
  4090 | D:4      | Found a sacrificial altar of Ru.
  4091 | D:4      | Found a glowing golden altar of the Shining One.
  4382 | D:5      | Entered Level 5 of the Dungeon
  4446 | D:5      | Reached skill level 6 in Polearms
  4457 | D:5      | Reached XP level 7. HP: 52/54 MP: 7/7
  4481 | D:5      | Reached skill level 1 in Throwing
  4496 | D:5      | Reached skill level 1 in Stealth
  4499 | D:5      | Slain by an orc warrior

Illustrated notes

Levels and vault maps discovered:
D:1:      giann_horns, layout_rooms, serial_shops, nicolae_square_shop,
          dreamdust_princess_corridor, grunt_decor_resistance
D:2:      layout_loops_ring, kennysheep_generic_room_5, uniq_robin
D:3:      layout_loops_ring
D:4:      layout_loops_cross, nicolae_overflow_two_pavilions, temple_fountains,
          minmay_manual_macuahuitl
D:5:      layout_basic, serial_curves, eino_curves_02, eino_curves_03,
          chequers_serial_rivers_micro_a
Temple:   nicolae_temple_bog_church

Skill      XL: |  1  2  3  4  5  6  7 |
---------------+----------------------+-----
Polearms       | 3 4 5 6 |  6.7
Dodging        | 1 2 |  2.9
Armour         | 3 |  3.2
Fighting       | 4 |  4.1
Shields        | 4 |  4.1
Throwing       | 1 |  1.0
Stealth        | 1 |  1.1

Action                   |  1- 3 |  4- 6 |  7- 9 || total
-------------------------+-------+-------+-------++-------
Melee: Trident           |    73 |   181 |    17 ||   271
Throw: Boomerang         |     7 |     5 |     3 ||    15
  Use: Potion            |     2 |       |     3 ||     5
       Scroll            |     1 |     8 |     1 ||    10
 Stab: Sleeping          |       |     1 |       ||     1
Armor: Scale mail        |    37 |    78 |       ||   115
       Skin              |    19 |       |       ||    19
       Leather armour    |       |    20 |     9 ||    29
Dodge: Dodged            |    34 |    80 |    16 ||   130
Block: Buckler           |    21 |    34 |       ||    55
       Tower shield      |       |    20 |    23 ||    43
